[Event "Team 45 45 League T24"]
[Site "Internet Chess Club"]
[Date "2004.09.25"]
[Round "3"]
[White "BosqueVerde"]
[Black "fibin"]
[Result "1-0"]
[WhiteElo "1159"]
[BlackElo "1374"]
[TimeControl "2700+45"]

1. e4 e5 2. Nf3 d6 3. h3 Nf6 4. Nc3 Nc6 5. Bc4 Be7 6. d3 O-O 7. Nd5 Nxd5 8. Bxd5
Nd4 9. Nxd4 exd4 10. O-O c6 11. Bb3 Bg5 12. Bd2 a5 13. a4 Re8 14. f4 Bf6 15. f5
d5 16. Qh5 Re7 17. Rae1 Qd7 18. Bg5 Bxg5 19. Qxg5 f6 20. Qg3 Kh8 21. exd5 Rxe1
22. Rxe1 cxd5 23. Bxd5 Ra6 24. Qb8 Rb6 25. b3 h6 26. Bf3 Qd8 27. Bh5 Qd6 28.
Qxc8+ {Black resigns} 1-0

[Event "Team 45 45 League T24"]
[Site "Internet Chess Club"]
[Date "2004.09.24"]
[Round "3"]
[White "liger"]
[Black "EyeAm"]
[Result "1-0"]
[WhiteElo "1219"]
[BlackElo "1238"]
[TimeControl "2700+45"]

1. e4 e5 2. Nf3 Nf6 3. Nc3 Nc6 4. Bb5 Nd4 5. Bc4 d6 6. Ng5 Be6 7. Nxe6 Nxe6 8.
Bxe6 fxe6 9. d3 Qd7 10. Bg5 Be7 11. Qf3 O-O-O 12. O-O-O Kb8 13. d4 exd4 14. Rxd4
e5 15. Rdd1 Rdf8 16. Qe2 h6 17. Bxf6 Bxf6 18. Rhg1 Rf7 19. g3 g5 20. Qh5 Bg7 21.
Nd5 Rxf2 22. h4 Rh2 23. Rdf1 Rf8 24. Rxf8+ Bxf8 25. Rf1 Bg7 26. Rf7 Rh1+ 27. Kd2
Rh2+ 28. Kc1 Rh1+ 29. Kd2 Rh2+ 30. Ke1 Rh1+ 31. Kf2 Qb5 32. Rxg7 Qf1+ 33. Ke3
Qe1+ 34. Qe2 Qxg3+ 35. Kd2 b6 36. Rg8+ Kb7 37. Qd3 Rh2+ 38. Kc3 Qe1+ 39. Kb3 Qa5
40. hxg5 b5 41. a3 Qa4+ 42. Ka2 h5 43. Nc3 Qd4 44. Qxb5+ Qb6 45. Qd5+ Ka6 46.
Qc4+ Kb7 47. Na4 Qa6 48. Rb8+ {Black forfeits on time} 1-0

[Event "Team 45 45 League T24"]
[Site "Internet Chess Club"]
[Date "2004.09.26"]
[Round "3"]
[White "houseofcook"]
[Black "Midwest-Rook"]
[Result "1-0"]
[WhiteElo "1356"]
[BlackElo "1253"]
[TimeControl "2700+45"]

1. Nf3 d5 2. g3 Nf6 3. Bg2 Nc6 4. O-O Bf5 5. d3 Qd7 6. Re1 h6 7. Nbd2 Bh3 8. Bh1
e6 9. e4 dxe4 10. Nxe4 Nxe4 11. Rxe4 Bf5 12. Re1 Bc5 13. a3 Bg4 14. b4 Bd4 15.
Rb1 O-O-O 16. Qd2 g5 17. Nxd4 Nxd4 18. Bb2 f6 19. Bxd4 Qxd4 20. Re4 Qd5 21. Rxg4
Qa2 22. Qc1 e5 23. Qb2 Qe6 24. Re4 h5 25. Qb3 Qd7 26. b5 h4 27. Ra4 Kb8 28. g4
Rc8 29. Ra5 Qxg4+ 30. Kf1 Rh7 31. Qa4 Qxa4 32. Rxa4 b6 33. Ra6 g4 34. Rb4 Rd8
35. Rxg4 f5 36. Rga4 Rd4 37. Rxa7 Rxa4 38. Rxa4 Rd7 39. Ra8# {Black checkmated}
1-0

[Event "Team 45 45 League T24"]
[Site "Internet Chess Club"]
[Date "2004.09.23"]
[Round "3"]
[White "cazj"]
[Black "jerry813"]
[Result "0-1"]
[WhiteElo "1188"]
[BlackElo "1237"]
[TimeControl "2700+45"]

1. e4 c5 2. c3 Nc6 3. d4 d6 4. Bb5 Bd7 5. Nf3 a6 6. Bxc6 Bxc6 7. d5 Bb5 8. b3 c4
9. Nbd2 cxb3 10. axb3 Nf6 11. c4 Bd7 12. O-O g6 13. Bb2 Bg7 14. b4 O-O 15. c5
Bb5 16. Re1 a5 17. Bc3 a4 18. Nd4 Bd7 19. f4 Bg4 20. N2f3 Nh5 21. Qe2 Nxf4 22.
Qb2 Nd3 23. Qa2 Nxe1 24. Nxe1 e6 25. Qb2 exd5 26. exd5 dxc5 27. h3 cxd4 28. Bxd4
Bxd4+ 29. Qxd4 Bf5 30. Nf3 Re8 {White resigns} 0-1

[Event "Team 45 45 League T24"]
[Site "Internet Chess Club"]
[Date "2004.09.29"]
[Round "3"]
[White "claymil"]
[Black "erebus"]
[Result "0-1"]
[WhiteElo "1691"]
[BlackElo "1945"]
[TimeControl "2700+45"]

1. c4 Nf6 2. Nc3 g6 3. g3 Bg7 4. Bg2 O-O 5. e3 d6 6. Nge2 c6 7. O-O Nbd7 8. d4
Qa5 9. Qc2 Re8 10. a3 e5 11. b4 Qc7 12. Bb2 Nb6 13. c5 dxc5 14. dxc5 Nc4 15.
Rad1 Nxb2 16. Qxb2 Be6 17. Rd2 Rad8 18. Rfd1 Bc4 19. Qc2 Be6 20. h3 a6 21. g4
Nd5 22. Ne4 f5 23. Nd6 Rf8 24. gxf5 gxf5 25. Ng3 e4 26. Ne2 Be5 27. Nc4 Rde8 28.
Nd4 Bc8 29. Nxe5 Qxe5 30. Ne2 f4 31. exf4 Nxf4 32. Qb3+ Kh8 33. Nxf4 Qxf4 34.
Qc3+ Kg8 35. Qe3 Qxe3 36. fxe3 Kg7 37. Rd4 Bf5 38. Rf1 Re5 39. Rf4 Rfe8 40. Kf2
a5 41. Kg3 Kg6 42. h4 axb4 43. axb4 h5 44. Bh3 R8e6 45. Rd7 Bxh3 46. Kxh3 Re7
47. Rxe7 Rxe7 48. Kg3 Re5 49. Rf8 Rf5 50. Rxf5 Kxf5 51. Kh3 Ke6 52. Kg3 Ke5 53.
Kf2 Kd5 54. Kg3 Kc4 55. Kf4 Kxb4 56. Kxe4 Kxc5 57. Ke5 b5 58. Kf6 b4 59. e4 b3
60. e5 b2 61. e6 b1=Q 62. e7 Qe4 63. Kf7 Qf5+ 64. Kg8 Qe6+ 65. Kf8 Qf6+ 66. Ke8
Kd6 {White resigns} 0-1

[Event "Team 45 45 League T24"]
[Site "Internet Chess Club"]
[Date "2004.09.25"]
[Round "3"]
[White "Agent911"]
[Black "PatrookMcKnight"]
[Result "1/2-1/2"]
[WhiteElo "1721"]
[BlackElo "1661"]
[TimeControl "2700+45"]

1. c4 d6 2. g3 e5 3. Bg2 c6 4. Nc3 Nf6 5. e3 d5 6. cxd5 cxd5 7. Qa4+ Nc6 8. Qh4
Be7 9. Nf3 Ne4 10. Qh5 Nf6 11. Qh4 Ne4 12. Qh5 Nf6 13. Qh4 Ne4 {Game drawn by
repetition} 1/2-1/2

[Event "Team 45 45 League T24"]
[Site "Internet Chess Club"]
[Date "2004.09.23"]
[Round "3"]
[White "dibble"]
[Black "Lothar"]
[Result "0-1"]
[WhiteElo "1295"]
[BlackElo "1535"]
[TimeControl "2700+45"]

1. d4 g6 2. Nc3 Bg7 3. Nf3 Nf6 4. e4 d6 5. Bg5 O-O 6. Qd2 Bg4 7. Be2 Nbd7 8.
O-O-O e5 9. dxe5 dxe5 10. Bxf6 Bxf6 11. h3 Bxf3 12. Bxf3 Bg5 13. Qxg5 Qxg5+ 14.
Kb1 Rad8 15. h4 Qe7 16. h5 Nb6 17. hxg6 Rxd1+ 18. Bxd1 fxg6 19. f3 Rd8 20. Be2
c6 21. a4 Qb4 22. a5 Qxa5 23. g4 {White resigns} 0-1

[Event "Team 45 45 League T24"]
[Site "Internet Chess Club"]
[Date "2004.09.25"]
[Round "3"]
[White "maq"]
[Black "viking99"]
[Result "1-0"]
[WhiteElo "1780"]
[BlackElo "1807"]
[TimeControl "2700+45"]

1. e4 e6 2. d4 d5 3. e5 c5 4. c3 Qb6 5. Nf3 Nc6 6. Be2 Bd7 7. O-O Nge7 8. Na3
Nf5 9. Nc2 Be7 10. a3 cxd4 11. cxd4 a5 12. g4 Nh4 13. Nxh4 Bxh4 14. g5 h6 15.
gxh6 gxh6 16. Qd3 Ke7 17. Qh3 Bg5 18. f4 Nxd4 19. Nxd4 Qxd4+ 20. Be3 Qxb2 21.
Bh5 d4 22. fxg5 dxe3 23. Rxf7+ Kd8 24. Rd1 Qxe5 25. Rdxd7+ Kc8 26. Rc7+ Kb8 27.
Rxb7+ Kc8 28. Rfc7+ Kd8 29. Rd7+ Kc8 30. Qg2 Qa1+ 31. Rd1 Qc3 32. Qb2 Qxb2 33.
Rxb2 hxg5 34. Rc2+ Kb8 35. Rb1+ Ka7 36. Rc7+ {Black resigns} 1-0

[Event "Team 45 45 League T24"]
[Site "Internet Chess Club"]
[Date "2004.09.26"]
[Round "3"]
[White "forku2"]
[Black "jericho121"]
[Result "1-0"]
[WhiteElo "1615"]
[BlackElo "1556"]
[TimeControl "2700+45"]

1. d4 Nf6 2. Nf3 g6 3. Nc3 Bg7 4. e4 d6 5. Be3 O-O 6. Be2 e5 7. Qd2 Ng4 8. Bg5
f6 9. h3 fxg5 10. hxg4 h6 11. Bc4+ Kh8 12. Nxg5 Qe8 13. O-O-O Na6 14. Rxh6+ Bxh6
15. Nf7+ Rxf7 16. Rh1 Rh7 17. Rxh6 Kg7 18. Rxh7+ Kxh7 19. Nd5 Qf8 20. Qg5 Qh6
21. Nf6+ Kg7 22. Ne8+ Kh7 23. Bg8+ {Black resigns} 1-0

[Event "Team 45 45 League T24"]
[Site "Internet Chess Club"]
[Date "2004.09.26"]
[Round "3"]
[White "Achilles"]
[Black "Mississippian"]
[Result "0-1"]
[WhiteElo "1341"]
[BlackElo "1511"]
[TimeControl "2700+45"]

1. d4 d5 2. c4 c6 3. Nc3 Nf6 4. e4 e6 5. Bg5 Be7 6. e5 Nfd7 7. Bxe7 Qxe7 8. c5
b6 9. b4 a5 10. a3 b5 11. Bd3 Qg5 12. g3 O-O 13. Nf3 Qg4 14. h3 Qh5 15. g4 Qh6
16. Ne2 f6 17. h4 fxe5 18. g5 Qh5 19. Nxe5 Nxe5 20. dxe5 Nd7 21. f4 Qf3 22. Rf1
Qh3 23. Kd2 Qxh4 24. Rh1 Qg4 25. Bxh7+ Kf7 26. Qc2 Nxe5 27. fxe5 Qxg5+ 28. Ke1
Qxe5 29. Qg6+ Ke7 30. Rd1 axb4 31. Rh5 Qb2 32. Qg5+ Qf6 33. axb4 Qxg5 34. Rxg5
Kf6 35. Rg6+ Kf7 36. Nd4 Bd7 37. Kd2 Ra2+ 38. Kc1 Ra1+ 39. Kc2 Rxd1 40. Kxd1 Rh8
41. Rg3 Rxh7 42. Nf3 Rh5 43. Ng5+ Kf6 44. Nf3 g5 45. Ke2 Kf5 46. Ke3 e5 47. Nd2
g4 48. Nb3 Rh3 49. Kf2 Rxg3 50. Kxg3 d4 51. Nd2 e4 52. Nf1 Be6 53. Nh2 Kg5 54.
Nf1 e3 55. Kg2 Kf4 56. Ng3 Bd5+ 57. Kh2 Kf3 58. Nf5 d3 59. Nd4+ Kf2 60. Nf5
{White resigns} 0-1

[Event "Team 45 45 League T24"]
[Site "Internet Chess Club"]
[Date "2004.09.26"]
[Round "3"]
[White "Schach-Prinz"]
[Black "liger"]
[Result "1-0"]
[WhiteElo "1331"]
[BlackElo "1207"]
[TimeControl "2700+45"]

1. d4 d5 2. Bf4 Nf6 3. e3 e6 4. Nf3 Bd6 5. Bxd6 Qxd6 6. Ne5 O-O 7. Bd3 g6 8. Nd2
Nc6 9. Ndf3 Nd7 10. Ng4 Qb4+ 11. c3 Qxb2 12. c4 dxc4 13. Bxc4 Qc3+ 14. Nd2 Nb4
15. O-O Nb6 16. Bb3 c5 17. Qf3 Qxd2 18. Qf6 Rd8 19. Nh6+ Kf8 20. Qxf7# {Black
checkmated} 1-0

[Event "Team 45 45 League T24"]
[Site "Internet Chess Club"]
[Date "2004.09.27"]
[Round "3"]
[White "Burning-Bush"]
[Black "A-Ru"]
[Result "1-0"]
[WhiteElo "2250"]
[BlackElo "1915"]
[TimeControl "2700+45"]

1. d4 e6 2. c4 d5 3. Nf3 c6 4. Nc3 dxc4 5. e4 b5 6. Bg5 f6 7. Be3 Bb7 8. Be2 Bb4
9. O-O Ne7 10. a3 Ba5 11. Qc2 O-O 12. Rfd1 Qc8 13. Rac1 Nd7 14. b3 Nb6 15. bxc4
Nxc4 16. Bxc4 bxc4 17. Na4 Ba6 18. Nc5 c3 19. Qa4 Be2 20. Qxa5 Bxd1 21. Rxd1 c2
22. Rc1 Rb8 23. Nd2 f5 24. Bg5 Ng6 25. Ndb3 fxe4 26. Qe1 e5 27. Qxe4 exd4 28.
Qxd4 Qf5 29. Be3 Rbd8 30. Qc4+ Kh8 31. Nd4 Qg4 32. h3 Qd1+ 33. Kh2 Nf4 34. Nxc2
Qd5 35. Qxd5 Rxd5 36. Nd4 h6 37. g3 Ng6 38. Nde6 Rf7 39. Kg2 Ne5 40. Nf4 Rd8 41.
Nce6 Rc8 42. Rc5 Nd7 43. Ra5 Nb6 44. Rc5 Nd7 45. Rc3 Nb6 46. h4 Rf6 47. Bd4 Rf7
48. h5 Na4 49. Rc4 Nb6 50. Rc2 Nd7 51. Bxa7 Ra8 52. Be3 Rxa3 53. Rxc6 Nf8 54.
Rc8 {Black resigns} 1-0

[Event "Team 45 45 League T24"]
[Site "Internet Chess Club"]
[Date "2004.09.27"]
[Round "3"]
[White "DirkPlenty"]
[Black "locchessmonster"]
[Result "0-1"]
[WhiteElo "1972"]
[BlackElo "1937"]
[TimeControl "2700+45"]

1. e4 e6 2. d4 d5 3. Nd2 Nf6 4. e5 Nfd7 5. Bd3 c5 6. c3 Nc6 7. Ngf3 Qb6 8. O-O
cxd4 9. cxd4 Nxd4 10. Nxd4 Qxd4 11. Nf3 Qb6 12. Qa4 Be7 13. Be3 Qb4 14. Qc2 Nc5
15. Bd2 Qa4 16. b3 Qc6 17. Nd4 Qc7 18. Rfe1 Bd7 19. Rac1 Rc8 20. Qb1 Qd8 21. b4
Nxd3 22. Qxd3 O-O 23. Nb3 Qb6 24. a3 Rxc1 25. Rxc1 Rc8 26. Rxc8+ Bxc8 27. Qc3
Qc6 28. Qxc6 bxc6 29. Be3 a6 30. Kf1 f6 31. exf6 gxf6 32. Ke2 e5 33. Bc5 Bxc5
34. Nxc5 Kf7 35. Ke3 Ke7 36. f3 Kd6 37. h3 a5 38. g4 axb4 39. axb4 f5 40. Nd3
d4+ 41. Kd2 Kd5 42. Nb2 e4 43. gxf5 e3+ 44. Ke2 Bxf5 45. h4 h5 46. f4 Ke4 47.
Nc4 d3+ {White resigns} 0-1

[Event "Team 45 45 League T24"]
[Site "Internet Chess Club"]
[Date "2004.09.26"]
[Round "3"]
[White "six-killer"]
[Black "mickeys"]
[Result "1-0"]
[WhiteElo "1852"]
[BlackElo "1859"]
[TimeControl "2700+45"]

1. e4 c5 2. Nf3 Nc6 3. Bb5 e6 4. Bxc6 bxc6 5. O-O d5 6. e5 Ne7 7. d4 Nf5 8. c3
cxd4 9. cxd4 c5 10. Bg5 Qb6 11. Qb3 Nxd4 12. Nxd4 Qxb3 13. Nxb3 Ba6 14. Re1 Be7
15. Bxe7 Kxe7 16. Nxc5 Bb5 17. Nc3 Bc6 18. a4 Rhb8 19. Reb1 a6 20. b4 f5 21. f4
a5 22. b5 Be8 23. b6 Bc6 24. b7 Ra7 25. Rb6 Bd7 26. Rab1 h6 27. Na6 {Black
resigns} 1-0

[Event "Team 45 45 League T24"]
[Site "Internet Chess Club"]
[Date "2004.09.24"]
[Round "3"]
[White "jongalt97"]
[Black "viking99"]
[Result "0-1"]
[WhiteElo "1760"]
[BlackElo "1826"]
[TimeControl "2700+45"]

1. d4 Nf6 2. c4 g6 3. Nc3 d5 4. cxd5 Nxd5 5. Nf3 Bg7 6. Qb3 Nxc3 7. bxc3 O-O 8.
Ba3 Nc6 9. e4 a6 10. Be2 b5 11. O-O Re8 12. Rfd1 Rb8 13. Bc5 e6 14. Ne5 Nxe5 15.
dxe5 Qg5 16. Bd4 Bxe5 17. Bxe5 Qxe5 18. Bd3 Bb7 19. f3 c5 20. c4 Bc6 21. cxb5
Bxb5 22. Bxb5 axb5 23. Qc2 Red8 24. a4 Rxd1+ 25. Qxd1 Ra8 26. a5 c4 27. a6 c3
28. Qc2 Qc5+ 29. Kf1 Qc4+ 30. Ke1 b4 31. a7 b3 {White resigns} 0-1

[Event "Team 45 45 League T24"]
[Site "Internet Chess Club"]
[Date "2004.09.25"]
[Round "3"]
[White "JustinSane"]
[Black "TheTankDriver"]
[Result "1/2-1/2"]
[WhiteElo "2244"]
[BlackElo "2228"]
[TimeControl "2700+45"]

1. d4 d5 2. Nf3 Nf6 3. Bf4 e6 4. e3 Be7 5. Bd3 O-O 6. Nbd2 c5 7. c3 Nc6 8. Ne5
Nd7 9. Qh5 g6 10. Qf3 Ndxe5 11. dxe5 d4 12. exd4 cxd4 13. Ne4 dxc3 14. bxc3 Qa5
15. Qg3 Rd8 16. Rd1 Rd5 17. O-O Nxe5 18. Bb1 Nc4 19. h4 Qd8 20. Rxd5 exd5 21.
Ng5 Bxg5 22. Bxg5 Qd6 23. Bf4 Qe6 24. f3 Bd7 25. Re1 Qb6+ 26. Kh2 Re8 27. Rxe8+
Bxe8 28. Bd3 Nb2 29. Bc2 Nc4 30. Bb3 f6 31. Bxc4 dxc4 32. Qe1 Kf7 33. Be3 Qd6+
34. Kg1 a5 35. Bd4 b5 36. Qe3 Qe7 37. Qxe7+ Kxe7 38. Bb6 a4 39. Kf2 Ke6 40. Bd4
f5 {Game drawn by mutual agreement} 1/2-1/2

[Event "Team 45 45 League T24"]
[Site "Internet Chess Club"]
[Date "2004.09.27"]
[Round "3"]
[White "Gregorio"]
[Black "shadow-master"]
[Result "1-0"]
[WhiteElo "2084"]
[BlackElo "2155"]
[TimeControl "2700+45"]

1. e4 c5 2. Nf3 Nc6 3. d4 cxd4 4. Nxd4 Nf6 5. Nc3 e5 6. Nb3 Bb4 7. Bg5 Ne7 8.
Bxf6 gxf6 9. Qf3 Qc7 10. O-O-O Bxc3 11. bxc3 Qc6 12. Na5 Qe6 13. Nc4 d5 14. exd5
e4 15. Qh5 Qa6 16. d6 Be6 17. Na5 Qb6 18. dxe7 Qxf2 19. Qb5+ Kxe7 20. Qb4+
{Black resigns} 1-0

[Event "Team 45 45 League T24"]
[Site "Internet Chess Club"]
[Date "2004.09.28"]
[Round "3"]
[White "nightly"]
[Black "PublisherKing"]
[Result "0-1"]
[WhiteElo "1937"]
[BlackElo "1969"]
[TimeControl "2700+45"]

1. c4 c6 2. g3 d6 3. Bg2 Nf6 4. Nc3 e5 5. d4 Be6 6. dxe5 dxe5 7. Qxd8+ Kxd8 8.
b3 Nbd7 9. Bb2 Bb4 10. O-O-O Kc8 11. a3 Bxc3 12. Bxc3 Re8 13. h3 Nc5 14. Kb2
Nfe4 15. Be1 Kc7 16. b4 Na4+ 17. Kb3 Bxc4+ 18. Kxc4 Nxf2 19. Rd2 Nxh1 20. Bxh1
Rad8 21. Nf3 f6 22. g4 Nb6+ 23. Kb3 Nd5 24. Rc2 Nf4 25. h4 Rd1 26. e3 Rd3+ 27.
Rc3 Rxc3+ 28. Bxc3 Nd5 29. Bd2 Rd8 30. g5 Nxe3 31. gxf6 gxf6 32. Kc3 e4 33. Nd4
Nd1+ 34. Kc2 Rxd4 35. Bf4+ Kd7 36. Bg2 f5 37. Bh3 Ke6 38. Bf1 e3 39. Kc1 Rxf4
{White resigns} 0-1

[Event "Team 45 45 League T24"]
[Site "Internet Chess Club"]
[Date "2004.09.29"]
[Round "3"]
[White "chessergato"]
[Black "Parsnip"]
[Result "0-1"]
[WhiteElo "1419"]
[BlackElo "1723"]
[TimeControl "2700+45"]

1. e4 e6 2. d4 d5 3. e5 c5 4. c3 Bd7 5. Nf3 Nc6 6. Be2 Qb6 7. O-O Nge7 8. Nbd2
Nf5 9. Nb3 cxd4 10. Nfxd4 Nfxd4 11. Be3 Nxe2+ 12. Qxe2 Qc7 13. Bf4 Ne7 14. Rfe1
Ng6 15. Bg3 Be7 16. Qf3 O-O 17. Qd3 Bh4 18. Bxh4 Nxh4 19. Qd4 Nf5 20. Qc5 Qxc5
21. Nxc5 Bc6 22. b4 a6 23. Nb3 Bb5 24. Nd4 Nxd4 25. cxd4 Rac8 26. a4 Bd7 27. a5
Rc4 28. Rac1 Rxb4 29. Rc7 Bc6 {White resigns} 0-1